[ AOE2 MATCH · #478880144 ]
UnrankedKhitans vs Goths
[ REPLAY ANALYSIS · EXTRACTED FROM THE RECORDED GAME ]
Feudal
13:03
Castle
29:49
Imperial
—
| APM avg | 24.3 |
| APM peak | 46 |
| eAPM avg | 13.0 |
| Villagers / military | 65 / 68 |
Focus
⚔️ 29.7% · 🌾 70.3%
Scout Cavalry ×41 · Steppe Lancer ×27
Feudal
13:00
Castle
27:44
Imperial
—
| APM avg | 22.9 |
| APM peak | 52 |
| eAPM avg | 14.2 |
| Villagers / military | 81 / 31 |
Focus
⚔️ 34.5% · 🌾 65.5%
Militia ×17 · Spearman ×12 · Huskarl ×2
Feudal
12:31
Castle
—
Imperial
—
| APM avg | 12.0 |
| APM peak | 34 |
| eAPM avg | 7.9 |
| Villagers / military | 52 / 18 |
Focus
⚔️ 33.5% · 🌾 66.5%
Militia ×18
Feudal
12:52
Castle
27:18
Imperial
36:12
| APM avg | 33.4 |
| APM peak | 65 |
| eAPM avg | 14.7 |
| Villagers / military | 60 / 36 |
Focus
⚔️ 27.0% · 🌾 73.0%
Archer ×29 · Skirmisher ×3 · Battering Ram ×2 · Trebuchet (Packed) ×2
Feudal
13:16
Castle
17:08
Imperial
—
| APM avg | 17.0 |
| APM peak | 67 |
| eAPM avg | 8.5 |
| Villagers / military | 43 / 6 |
Focus
⚔️ 25.2% · 🌾 74.8%
War Wagon ×6
Feudal
12:53
Castle
26:41
Imperial
—
| APM avg | 33.4 |
| APM peak | 56 |
| eAPM avg | 16.2 |
| Villagers / military | 104 / 21 |
Focus
⚔️ 19.5% · 🌾 80.5%
Scout Cavalry ×17 · Magyar Huszar ×4
Match map
Initial resources + every placement click. Lines = walls · curves = elevation contours. ◆ gold · ⬟ stone · ● berries · ✦ relic · ◌ wall gap
Your base· Open — 3t gap
PeneTratoR_'s base· Open — 11t gap
Cafernaun's base· Open — unwalled flank
Zell's base· Open — unwalled flank
Duke Nukem's base· Open — unwalled flank
[A2PL] ThaNaThoS's base· Open — 5t gap
Smoothed initial terrain · ◌ = detected wall gap · hover for details
Inputs per minute
— [A2PL]JUANDDCAB - - PeneTratoR_
Build order — [A2PL]JUANDDCAB
First 150 of 198 actions detected
| 0:36 | Build | Town Center |
| 2:47 | Build | House |
| 2:53 | Build | House |
| 3:14 | Create | Villager (Male) |
| 3:14 | Create | Villager (Male) |
| 3:15 | Create | Villager (Male) |
| 3:47 | Build | House |
| 4:21 | Create | Villager (Male) |
| 4:22 | Create | Villager (Male) |
| 4:23 | Research | Loom |
| 4:53 | Create | Villager (Male) |
| 5:17 | Create | Villager (Male) |
| 5:42 | Create | Villager (Male) |
| 6:25 | Create | Villager (Male) |
| 6:28 | Build | House |
| 7:03 | Create | Villager (Male) |
| 7:03 | Create | Villager (Male) |
| 7:13 | Create | Villager (Male) |
| 8:11 | Create | Villager (Male) |
| 8:11 | Create | Villager (Male) |
| 8:12 | Create | Villager (Male) |
| 8:26 | Build | Mill |
| 8:36 | Create | Villager (Male) |
| 10:22 | Build | Lumber Camp |
| 10:23 | Create | Villager (Male) |
| 10:53 | Research | Feudal Age |
| 10:58 | Build | Pasture |
| 11:48 | Build | House |
| 11:51 | Build | Barracks |
| 11:58 | Create | Villager (Male) |
| 11:58 | Create | Villager (Male) |
| 12:45 | Create | Villager (Male) |
| 12:45 | Create | Villager (Male) |
| 13:03 | Age | Feudal Age |
| 13:14 | Build | Watch Tower |
| 13:23 | Build | House |
| 13:25 | Build | Palisade Wall |
| 13:28 | Build | Palisade Wall |
| 13:31 | Build | Palisade Wall |
| 13:41 | Create | Villager (Male) |
| 13:56 | Build | Pasture |
| 14:00 | Build | Pasture |
| 14:04 | Build | Pasture |
| 14:16 | Build | Stable |
| 14:35 | Create | Villager (Male) |
| 14:43 | Build | Blacksmith |
| 14:48 | Create | Scout Cavalry |
| 14:58 | Create | Villager (Male) |
| 15:24 | Create | Scout Cavalry |
| 15:30 | Build | Pasture |
| 15:48 | Create | Villager (Male) |
| 16:17 | Create | Scout Cavalry |
| 16:30 | Create | Villager (Male) |
| 16:34 | Build | Pasture |
| 17:11 | Create | Scout Cavalry |
| 17:11 | Create | Scout Cavalry |
| 17:32 | Create | Villager (Male) |
| 17:32 | Create | Villager (Male) |
| 17:47 | Build | Pasture |
| 17:50 | Build | Pasture |
| 17:59 | Create | Scout Cavalry |
| 18:08 | Build | House |
| 18:09 | Build | House |
| 18:09 | Build | House |
| 18:23 | Create | Scout Cavalry |
| 18:30 | Build | Pasture |
| 19:12 | Create | Villager (Male) |
| 19:12 | Create | Villager (Male) |
| 19:12 | Create | Villager (Male) |
| 19:18 | Create | Scout Cavalry |
| 19:27 | Create | Scout Cavalry |
| 19:39 | Create | Villager (Male) |
| 19:54 | Create | Scout Cavalry |
| 20:06 | Create | Villager (Male) |
| 20:19 | Build | House |
| 20:20 | Build | House |
| 20:21 | Build | House |
| 20:22 | Build | House |
| 20:36 | Research | Forging |
| 20:40 | Research | Town Watch |
| 21:11 | Create | Scout Cavalry |
| 21:11 | Create | Scout Cavalry |
| 21:34 | Create | Villager (Male) |
| 21:49 | Create | Scout Cavalry |
| 21:50 | Create | Villager (Male) |
| 21:55 | Create | Villager (Male) |
| 22:02 | Build | Pasture |
| 22:31 | Build | House |
| 22:32 | Build | House |
| 22:33 | Build | House |
| 22:35 | Build | Pasture |
| 22:37 | Create | Villager (Male) |
| 22:37 | Create | Villager (Male) |
| 22:43 | Build | Pasture |
| 22:45 | Create | Scout Cavalry |
| 22:56 | Create | Scout Cavalry |
| 23:33 | Create | Villager (Male) |
| 23:34 | Create | Villager (Male) |
| 23:35 | Create | Villager (Male) |
| 24:08 | Build | Pasture |
| 24:09 | Build | Pasture |
| 24:13 | Create | Scout Cavalry |
| 24:14 | Create | Scout Cavalry |
| 24:28 | Research | Scale Barding Armor |
| 24:34 | Research | Double-Bit Axe |
| 25:27 | Create | Villager (Male) |
| 25:28 | Create | Villager (Male) |
| 25:28 | Create | Villager (Male) |
| 25:28 | Create | Villager (Male) |
| 25:32 | Build | Mining Camp |
| 25:40 | Create | Scout Cavalry |
| 25:40 | Create | Scout Cavalry |
| 27:10 | Research | Castle Age |
| 27:33 | Build | Stable |
| 27:37 | Research | Gold Mining |
| 28:17 | Create | Scout Cavalry |
| 28:17 | Create | Scout Cavalry |
| 28:17 | Create | Scout Cavalry |
| 28:17 | Create | Scout Cavalry |
| 28:20 | Create | Scout Cavalry |
| 28:20 | Create | Scout Cavalry |
| 28:21 | Create | Scout Cavalry |
| 29:02 | Research | Tech 1014 |
| 29:49 | Age | Castle Age |
| 29:55 | Create | Villager (Male) |
| 29:55 | Create | Villager (Male) |
| 29:56 | Create | Villager (Male) |
| 30:03 | Research | Light Cavalry (upgrade) |
| 30:04 | Research | Husbandry |
| 30:06 | Research | Iron Casting |
| 30:06 | Research | Chain Barding Armor |
| 30:23 | Create | Scout Cavalry |
| 30:23 | Create | Scout Cavalry |
| 30:23 | Create | Scout Cavalry |
| 30:28 | Build | Stable |
| 30:34 | Research | Tech 1013 |
| 30:37 | Research | Bow Saw |
| 30:40 | Create | Villager (Male) |
| 30:40 | Create | Villager (Male) |
| 30:44 | Build | House |
| 30:45 | Build | House |
| 30:46 | Build | House |
| 31:02 | Create | Scout Cavalry |
| 31:02 | Create | Scout Cavalry |
| 31:03 | Create | Scout Cavalry |
| 31:58 | Create | Villager (Male) |
| 31:58 | Create | Villager (Male) |
| 31:58 | Create | Villager (Male) |
| 31:59 | Create | Villager (Male) |
| 32:15 | Build | Pasture |
Build order — PeneTratoR_
First 150 of 183 actions detected
| 0:42 | Build | Town Center |
| 2:46 | Create | Villager (Male) |
| 2:46 | Create | Villager (Male) |
| 2:47 | Create | Villager (Male) |
| 2:47 | Create | Villager (Male) |
| 2:47 | Create | Villager (Male) |
| 2:51 | Build | House |
| 3:27 | Build | House |
| 3:29 | Build | House |
| 5:13 | Create | Villager (Male) |
| 5:13 | Create | Villager (Male) |
| 5:13 | Create | Villager (Male) |
| 5:13 | Create | Villager (Male) |
| 5:19 | Build | Mill |
| 6:21 | Create | Villager (Male) |
| 6:21 | Create | Villager (Male) |
| 6:21 | Create | Villager (Male) |
| 6:31 | Create | Villager (Male) |
| 6:31 | Create | Villager (Male) |
| 7:42 | Create | Villager (Male) |
| 7:42 | Create | Villager (Male) |
| 7:42 | Create | Villager (Male) |
| 7:43 | Create | Villager (Male) |
| 7:44 | Create | Villager (Male) |
| 8:12 | Create | Villager (Male) |
| 8:12 | Create | Villager (Male) |
| 8:12 | Create | Villager (Male) |
| 8:34 | Create | Villager (Male) |
| 9:35 | Build | House |
| 10:22 | Build | Lumber Camp |
| 10:36 | Research | Loom |
| 10:50 | Research | Feudal Age |
| 10:50 | Research | Feudal Age |
| 11:43 | Build | Mining Camp |
| 12:33 | Build | Barracks |
| 12:50 | Build | House |
| 13:00 | Age | Feudal Age |
| 13:16 | Research | Man-at-Arms (upgrade) |
| 13:16 | Research | Man-at-Arms (upgrade) |
| 13:16 | Create | Militia |
| 13:16 | Create | Militia |
| 13:17 | Create | Militia |
| 13:20 | Research | Double-Bit Axe |
| 13:20 | Research | Double-Bit Axe |
| 13:22 | Create | Villager (Male) |
| 13:22 | Create | Villager (Male) |
| 14:02 | Create | Villager (Male) |
| 14:03 | Create | Villager (Male) |
| 14:04 | Create | Villager (Male) |
| 14:12 | Build | Mill |
| 14:13 | Create | Villager (Male) |
| 14:37 | Create | Militia |
| 14:37 | Create | Militia |
| 14:58 | Build | House |
| 15:00 | Create | Militia |
| 15:18 | Build | Watch Tower |
| 15:40 | Create | Militia |
| 15:40 | Create | Militia |
| 15:47 | Build | House |
| 16:21 | Create | Villager (Male) |
| 16:21 | Create | Villager (Male) |
| 16:21 | Create | Villager (Male) |
| 16:29 | Build | Mill |
| 16:29 | Create | Villager (Male) |
| 17:08 | Create | Militia ×4 |
| 17:09 | Create | Militia |
| 17:09 | Create | Militia |
| 17:40 | Create | Villager (Male) |
| 17:41 | Create | Villager (Male) |
| 17:48 | Build | Mill |
| 17:50 | Create | Villager (Male) |
| 17:50 | Create | Villager (Male) |
| 17:55 | Create | Militia |
| 17:55 | Create | Militia |
| 17:58 | Build | House |
| 17:59 | Build | House |
| 18:01 | Build | House |
| 18:29 | Build | Barracks |
| 18:39 | Create | Villager (Male) |
| 18:39 | Create | Villager (Male) |
| 18:53 | Build | House |
| 18:56 | Create | Militia |
| 20:16 | Create | Villager (Male) |
| 20:16 | Create | Villager (Male) |
| 20:22 | Create | Villager (Male) |
| 20:22 | Create | Villager (Male) |
| 20:28 | Build | Mill |
| 20:46 | Build | Mill |
| 21:07 | Build | Palisade Wall |
| 21:09 | Build | Palisade Wall |
| 21:13 | Build | Palisade Wall |
| 21:16 | Build | Palisade Wall |
| 21:17 | Build | Palisade Wall |
| 22:18 | Create | Villager (Male) |
| 22:18 | Create | Villager (Male) |
| 22:19 | Create | Villager (Male) |
| 22:19 | Create | Villager (Male) |
| 22:50 | Build | Lumber Camp |
| 22:52 | Create | Villager (Male) |
| 23:22 | Build | Market |
| 23:25 | Create | Villager (Male) |
| 24:14 | Build | Blacksmith |
| 24:42 | Create | Spearman |
| 24:43 | Create | Spearman |
| 24:43 | Create | Spearman |
| 25:04 | Research | Castle Age |
| 25:08 | Create | Spearman |
| 25:08 | Create | Spearman |
| 25:54 | Build | Lumber Camp |
| 26:18 | Build | Mining Camp |
| 27:03 | Build | Lumber Camp |
| 27:33 | Create | Villager (Male) |
| 27:34 | Create | Villager (Male) |
| 27:35 | Create | Villager (Male) |
| 27:44 | Age | Castle Age |
| 27:52 | Build | Town Center |
| 28:10 | Build | Town Center |
| 28:28 | Build | Town Center |
| 28:39 | Build | Palisade Wall |
| 28:41 | Build | Palisade Wall |
| 28:43 | Build | Palisade Wall |
| 28:47 | Build | Palisade Wall |
| 28:49 | Build | Palisade Wall |
| 28:50 | Build | Palisade Wall |
| 28:52 | Build | Palisade Wall |
| 29:02 | Build | Palisade Wall |
| 29:03 | Build | Palisade Wall |
| 29:21 | Create | Villager (Male) |
| 29:22 | Create | Villager (Male) |
| 29:22 | Create | Villager (Male) |
| 29:49 | Create | Villager (Male) |
| 29:50 | Create | Villager (Male) |
| 29:50 | Create | Villager (Male) |
| 30:00 | Create | Spearman |
| 30:00 | Create | Spearman |
| 30:00 | Create | Spearman |
| 30:01 | Create | Spearman |
| 30:03 | Create | Spearman |
| 30:04 | Research | Scale Mail Armor |
| 30:04 | Research | Scale Mail Armor |
| 30:08 | Create | Villager (Male) |
| 30:08 | Create | Villager (Male) |
| 30:08 | Create | Villager (Male) |
| 30:09 | Create | Villager (Male) |
| 30:23 | Build | Town Center |
| 30:31 | Create | Villager (Male) |
| 30:31 | Create | Villager (Male) |
| 30:33 | Create | Villager (Male) |
| 30:33 | Create | Villager (Male) |
| 30:33 | Create | Villager (Male) |
Build order — Cafernaun
134 actions detected in the replay
| 0:26 | Build | Town Center |
| 1:16 | Build | Palisade Wall |
| 1:18 | Build | Palisade Wall |
| 1:20 | Build | Palisade Wall |
| 1:22 | Build | Palisade Wall |
| 1:23 | Build | Palisade Wall |
| 1:24 | Build | Palisade Wall |
| 1:26 | Build | Palisade Wall |
| 1:28 | Build | Palisade Wall |
| 2:27 | Build | House |
| 2:59 | Create | Villager (Male) |
| 3:00 | Create | Villager (Male) |
| 3:00 | Create | Villager (Male) |
| 3:00 | Create | Villager (Male) |
| 3:00 | Create | Villager (Male) |
| 3:15 | Build | Palisade Wall |
| 3:43 | Build | Palisade Wall |
| 3:44 | Build | Palisade Wall |
| 3:45 | Build | Palisade Wall |
| 3:47 | Build | Palisade Wall |
| 3:48 | Build | Palisade Wall |
| 3:50 | Build | Palisade Wall |
| 3:51 | Build | Palisade Wall |
| 4:02 | Build | Palisade Wall |
| 4:21 | Create | Villager (Male) |
| 4:21 | Create | Villager (Male) |
| 4:21 | Create | Villager (Male) |
| 4:21 | Create | Villager (Male) |
| 4:21 | Create | Villager (Male) |
| 4:21 | Create | Villager (Male) |
| 4:21 | Create | Villager (Male) |
| 4:21 | Create | Villager (Male) |
| 4:54 | Create | Villager (Male) |
| 5:13 | Build | House |
| 5:15 | Create | Villager (Male) |
| 5:49 | Create | Villager (Male) |
| 5:49 | Create | Villager (Male) |
| 5:50 | Create | Villager (Male) |
| 5:50 | Create | Villager (Male) |
| 5:56 | Build | Palisade Wall |
| 6:22 | Build | Lumber Camp |
| 6:25 | Research | Loom |
| 6:45 | Create | Villager (Male) |
| 6:45 | Create | Villager (Male) |
| 7:08 | Create | Villager (Male) |
| 7:08 | Create | Villager (Male) |
| 7:08 | Create | Villager (Male) |
| 7:32 | Build | House |
| 7:57 | Create | Villager (Male) |
| 7:57 | Create | Villager (Male) |
| 7:57 | Create | Villager (Male) |
| 8:31 | Create | Villager (Male) |
| 8:31 | Create | Villager (Male) |
| 8:31 | Create | Villager (Male) |
| 9:36 | Build | Mill |
| 10:21 | Research | Feudal Age |
| 11:30 | Build | Barracks |
| 12:04 | Create | Villager (Male) |
| 12:12 | Build | House |
| 12:31 | Age | Feudal Age |
| 12:33 | Create | Villager (Male) |
| 12:34 | Research | Double-Bit Axe |
| 12:46 | Build | Barracks |
| 13:04 | Research | Man-at-Arms (upgrade) |
| 13:13 | Build | House |
| 13:42 | Build | House |
| 13:45 | Create | Militia |
| 13:45 | Create | Militia |
| 13:51 | Create | Villager (Male) |
| 13:52 | Create | Villager (Male) |
| 14:00 | Research | Arson |
| 14:07 | Create | Militia |
| 14:22 | Create | Militia |
| 14:26 | Build | House |
| 14:42 | Build | Watch Tower |
| 14:48 | Create | Militia |
| 14:49 | Create | Militia |
| 14:49 | Create | Militia |
| 14:53 | Build | House |
| 14:54 | Build | House |
| 16:07 | Create | Villager (Male) |
| 16:07 | Create | Villager (Male) |
| 16:24 | Create | Villager (Male) |
| 16:40 | Build | Blacksmith |
| 16:51 | Create | Militia |
| 16:51 | Create | Militia |
| 17:09 | Create | Villager (Male) |
| 17:34 | Create | Villager (Male) |
| 17:44 | Build | Lumber Camp |
| 17:50 | Research | Horse Collar |
| 17:54 | Create | Militia |
| 17:54 | Create | Militia |
| 17:55 | Create | Militia |
| 18:23 | Build | Mill |
| 18:26 | Create | Villager (Male) |
| 18:26 | Create | Villager (Male) |
| 18:30 | Build | House |
| 18:31 | Build | House |
| 18:44 | Create | Militia |
| 18:44 | Create | Militia |
| 18:44 | Create | Militia |
| 18:45 | Create | Militia |
| 19:18 | Create | Villager (Male) |
| 19:26 | Build | Mill |
| 19:30 | Create | Villager (Male) |
| 20:38 | Create | Villager (Male) |
| 20:39 | Create | Villager (Male) |
| 20:45 | Create | Militia |
| 20:45 | Create | Militia |
| 20:56 | Create | Villager (Male) |
| 21:02 | Build | Palisade Gate |
| 21:06 | Build | Palisade Gate |
| 21:16 | Build | House |
| 21:18 | Build | House |
| 21:33 | Build | Palisade Wall |
| 21:34 | Build | Palisade Wall |
| 21:36 | Build | Palisade Wall |
| 21:37 | Build | Palisade Wall |
| 21:55 | Create | Villager (Male) |
| 21:55 | Create | Villager (Male) |
| 22:10 | Research | Fletching |
| 22:11 | Create | Villager (Male) |
| 22:15 | Build | House |
| 22:27 | Build | Farm |
| 22:28 | Build | Farm |
| 22:28 | Build | Farm |
| 22:28 | Build | Farm |
| 22:29 | Build | Farm |
| 22:29 | Build | Farm |
| 22:31 | Build | Farm |
| 22:32 | Build | Farm |
| 23:15 | Create | Villager (Male) |
| 23:15 | Create | Villager (Male) |
| 23:16 | Create | Villager (Male) |
Build order — Zell
First 150 of 204 actions detected
| 0:20 | Build | Town Center |
| 2:18 | Build | House |
| 2:47 | Research | Loom |
| 2:47 | Research | Loom |
| 2:50 | Create | Villager (Male) |
| 2:50 | Create | Villager (Male) |
| 3:10 | Create | Villager (Male) |
| 3:19 | Create | Villager (Male) |
| 4:51 | Create | Villager (Male) |
| 4:51 | Create | Villager (Male) |
| 5:13 | Build | House |
| 5:38 | Build | Lumber Camp |
| 5:41 | Create | Villager (Male) |
| 5:42 | Create | Villager (Male) |
| 5:43 | Create | Villager (Male) |
| 6:56 | Create | Villager (Male) |
| 6:56 | Create | Villager (Male) |
| 7:13 | Create | Villager (Male) |
| 7:16 | Build | House |
| 7:58 | Create | Villager (Male) |
| 8:14 | Build | Mill |
| 8:21 | Create | Villager (Male) |
| 8:21 | Create | Villager (Male) |
| 8:23 | Create | Villager (Male) |
| 9:07 | Build | House |
| 9:49 | Create | Villager (Male) |
| 10:17 | Create | Villager (Male) |
| 10:30 | Research | Feudal Age |
| 10:38 | Build | Mining Camp |
| 11:08 | Build | Barracks |
| 11:48 | Build | House |
| 12:34 | Build | House |
| 12:52 | Age | Feudal Age |
| 12:54 | Build | Archery Range |
| 12:55 | Create | Villager (Male) |
| 12:56 | Research | Double-Bit Axe |
| 13:00 | Create | Villager (Male) |
| 13:14 | Research | Gold Mining |
| 13:29 | Research | Town Watch |
| 13:36 | Build | Archery Range |
| 13:40 | Create | Archer |
| 13:47 | Create | Villager (Male) |
| 14:14 | Create | Villager (Male) |
| 14:17 | Build | Blacksmith |
| 14:22 | Create | Archer |
| 14:37 | Create | Archer |
| 14:39 | Create | Villager (Male) |
| 14:56 | Create | Archer |
| 15:03 | Research | Fletching |
| 15:07 | Build | House |
| 15:12 | Build | Farm |
| 15:13 | Create | Villager (Male) |
| 15:28 | Create | Villager (Male) |
| 15:51 | Create | Skirmisher |
| 16:02 | Build | House |
| 16:07 | Create | Skirmisher |
| 16:07 | Create | Skirmisher |
| 16:09 | Create | Archer |
| 16:09 | Create | Archer |
| 16:14 | Create | Archer |
| 16:32 | Create | Archer |
| 16:33 | Create | Archer |
| 16:38 | Build | Market |
| 16:40 | Create | Villager (Male) |
| 16:41 | Create | Villager (Male) |
| 16:55 | Create | Archer |
| 17:17 | Create | Archer |
| 17:18 | Create | Villager (Male) |
| 17:22 | Build | Palisade Wall |
| 17:23 | Build | Palisade Wall |
| 17:32 | Create | Archer |
| 17:47 | Build | House |
| 17:49 | Build | House |
| 17:50 | Create | Villager (Male) |
| 17:51 | Build | House |
| 17:53 | Build | Palisade Wall |
| 17:54 | Build | House |
| 17:56 | Build | House |
| 18:06 | Create | Archer |
| 18:06 | Create | Archer |
| 18:07 | Create | Villager (Male) |
| 18:12 | Create | Villager (Male) |
| 18:19 | Create | Villager (Male) |
| 18:26 | Create | Archer |
| 18:31 | Create | Villager (Male) |
| 18:56 | Create | Archer |
| 19:13 | Create | Archer |
| 19:15 | Create | Villager (Male) |
| 19:29 | Build | Archery Range |
| 19:33 | Build | Watch Tower |
| 19:42 | Create | Archer |
| 19:45 | Build | House |
| 19:48 | Build | House |
| 19:57 | Create | Archer |
| 20:17 | Create | Archer |
| 20:24 | Create | Villager (Male) |
| 20:33 | Create | Archer |
| 20:33 | Create | Archer |
| 20:37 | Create | Villager (Male) |
| 20:42 | Build | Mill |
| 20:45 | Create | Villager (Male) |
| 20:49 | Build | Farm |
| 20:51 | Build | Farm |
| 20:52 | Build | Farm |
| 20:57 | Create | Villager (Male) |
| 21:09 | Create | Villager (Male) |
| 21:11 | Create | Archer |
| 21:17 | Create | Archer |
| 21:27 | Create | Villager (Male) |
| 21:38 | Create | Archer |
| 21:39 | Create | Archer |
| 21:40 | Create | Villager (Male) |
| 21:45 | Create | Villager (Male) |
| 21:47 | Build | House |
| 21:47 | Build | House |
| 22:12 | Create | Archer |
| 22:12 | Create | Archer |
| 22:12 | Create | Archer |
| 22:13 | Create | Villager (Male) |
| 22:17 | Build | Farm |
| 22:18 | Build | Farm |
| 22:18 | Build | Farm |
| 22:18 | Build | Farm |
| 22:19 | Build | Farm |
| 22:21 | Create | Villager (Male) |
| 22:31 | Create | Villager (Male) |
| 22:33 | Build | Farm |
| 23:09 | Create | Villager (Male) |
| 23:15 | Create | Villager (Male) |
| 23:23 | Build | House |
| 23:24 | Build | House |
| 23:26 | Build | Farm |
| 23:26 | Build | Farm |
| 23:27 | Build | Farm |
| 23:27 | Build | Farm |
| 23:27 | Build | Farm |
| 23:28 | Build | Farm |
| 23:36 | Research | Wheelbarrow |
| 23:58 | Build | Farm |
| 23:58 | Build | Farm |
| 23:58 | Build | Farm |
| 23:59 | Build | Farm |
| 24:38 | Research | Castle Age |
| 24:43 | Build | Mining Camp |
| 25:33 | Research | Horse Collar |
| 25:56 | Build | Farm |
| 27:18 | Age | Castle Age |
| 27:20 | Research | Hand Cart |
| 27:21 | Research | Bow Saw |
| 27:26 | Research | Crossbowman (upgrade) |
Build order — Duke Nukem
92 actions detected in the replay
| 0:06 | Build | Town Center |
| 2:00 | Build | House |
| 2:13 | Create | Villager (Male) |
| 2:13 | Create | Villager (Male) |
| 2:13 | Create | Villager (Male) |
| 2:14 | Create | Villager (Male) |
| 2:14 | Create | Villager (Male) |
| 2:14 | Create | Villager (Male) |
| 3:52 | Create | Villager (Male) |
| 3:52 | Create | Villager (Male) |
| 3:53 | Create | Villager (Male) |
| 3:53 | Create | Villager (Male) |
| 3:54 | Create | Villager (Male) |
| 3:56 | Research | Loom |
| 3:58 | Create | Villager (Male) |
| 3:58 | Create | Villager (Male) |
| 3:58 | Create | Villager (Male) |
| 5:02 | Create | Villager (Male) |
| 5:02 | Create | Villager (Male) |
| 5:02 | Create | Villager (Male) |
| 5:03 | Create | Villager (Male) |
| 5:07 | Build | House |
| 6:22 | Create | Villager (Male) |
| 6:22 | Create | Villager (Male) |
| 6:22 | Create | Villager (Male) |
| 6:29 | Create | Villager (Male) |
| 6:30 | Create | Villager (Male) |
| 6:30 | Create | Villager (Male) |
| 6:51 | Build | House |
| 6:57 | Build | Lumber Camp |
| 7:15 | Create | Villager (Male) |
| 7:17 | Build | House |
| 8:13 | Create | Villager (Male) |
| 8:33 | Create | Villager (Male) |
| 8:56 | Create | Villager (Male) |
| 9:32 | Create | Villager (Male) |
| 10:00 | Build | Mill |
| 10:24 | Create | Villager (Male) |
| 10:48 | Build | Mining Camp |
| 10:52 | Research | Feudal Age |
| 11:20 | Create | Villager (Male) |
| 11:20 | Create | Villager (Male) |
| 12:32 | Build | Mining Camp |
| 13:16 | Age | Feudal Age |
| 13:20 | Build | Blacksmith |
| 13:25 | Build | Market |
| 13:51 | Build | House |
| 13:54 | Build | House |
| 14:04 | Build | Palisade Gate |
| 14:28 | Research | Castle Age |
| 14:31 | Research | Double-Bit Axe |
| 14:35 | Build | House |
| 14:36 | Build | Palisade Wall |
| 14:37 | Build | Palisade Wall |
| 14:38 | Build | Palisade Wall |
| 14:38 | Build | Palisade Wall |
| 14:39 | Build | Palisade Wall |
| 15:18 | Research | Horse Collar |
| 16:01 | Build | Palisade Wall |
| 16:04 | Build | Palisade Wall |
| 16:10 | Build | Palisade Wall |
| 16:11 | Build | Palisade Wall |
| 16:13 | Build | House |
| 16:16 | Build | Palisade Wall |
| 16:18 | Research | Scale Mail Armor |
| 16:22 | Build | Palisade Wall |
| 16:54 | Build | Palisade Wall |
| 16:57 | Build | Palisade Wall |
| 17:08 | Age | Castle Age |
| 17:12 | Research | Bow Saw |
| 17:14 | Create | Villager (Male) |
| 17:15 | Create | Villager (Male) |
| 17:17 | Research | Gold Mining |
| 17:42 | Build | Castle |
| 17:57 | Create | Villager (Male) |
| 18:19 | Create | Villager (Male) |
| 19:01 | Build | Watch Tower |
| 19:04 | Create | War Wagon |
| 19:04 | Create | War Wagon |
| 19:21 | Create | War Wagon |
| 19:22 | Create | War Wagon |
| 19:32 | Create | Villager (Male) |
| 20:07 | Create | Villager (Male) |
| 20:08 | Create | Villager (Male) |
| 21:19 | Build | House |
| 21:29 | Create | Villager (Male) |
| 21:43 | Create | War Wagon |
| 21:45 | Create | Villager (Male) |
| 22:05 | Create | War Wagon |
| 22:41 | Build | Mining Camp |
| 23:27 | Create | Villager (Male) |
| 23:28 | Create | Villager (Male) |
Build order — [A2PL] ThaNaThoS
First 150 of 233 actions detected
| 0:07 | Build | Town Center |
| 0:31 | Build | House |
| 2:22 | Create | Villager (Male) |
| 2:23 | Create | Villager (Male) |
| 2:27 | Create | Villager (Male) |
| 2:27 | Create | Villager (Male) |
| 3:16 | Create | Villager (Male) |
| 3:16 | Create | Villager (Male) |
| 4:24 | Create | Villager (Male) |
| 4:25 | Create | Villager (Male) |
| 4:32 | Build | House |
| 4:46 | Create | Villager (Male) |
| 5:13 | Create | Villager (Male) |
| 5:13 | Create | Villager (Male) |
| 5:39 | Create | Villager (Male) |
| 5:40 | Create | Villager (Male) |
| 6:07 | Create | Villager (Male) |
| 6:13 | Build | Lumber Camp |
| 6:29 | Build | House |
| 6:47 | Build | House |
| 6:50 | Create | Villager (Male) |
| 6:50 | Create | Villager (Male) |
| 6:53 | Research | Loom |
| 6:54 | Create | Villager (Male) |
| 6:55 | Create | Villager (Male) |
| 7:44 | Create | Villager (Male) |
| 7:51 | Build | House |
| 8:13 | Create | Villager (Male) |
| 8:14 | Create | Villager (Male) |
| 8:56 | Build | Mill |
| 9:27 | Create | Villager (Male) |
| 9:35 | Create | Villager (Male) |
| 10:18 | Create | Villager (Male) |
| 10:35 | Research | Feudal Age |
| 10:35 | Research | Feudal Age |
| 11:05 | Build | Barracks |
| 12:01 | Build | Palisade Wall |
| 12:13 | Build | Palisade Gate |
| 12:17 | Build | Palisade Wall |
| 12:36 | Create | Villager (Male) |
| 12:53 | Age | Feudal Age |
| 13:03 | Build | Stable |
| 13:15 | Create | Villager (Male) |
| 13:24 | Create | Villager (Male) |
| 13:35 | Create | Scout Cavalry |
| 13:35 | Create | Scout Cavalry |
| 13:36 | Create | Scout Cavalry |
| 13:44 | Build | House |
| 14:08 | Build | Blacksmith |
| 14:25 | Create | Villager (Male) |
| 14:25 | Create | Villager (Male) |
| 14:55 | Research | Scale Barding Armor |
| 14:55 | Research | Scale Barding Armor |
| 14:56 | Create | Scout Cavalry |
| 14:56 | Create | Scout Cavalry |
| 14:56 | Create | Scout Cavalry |
| 14:57 | Create | Scout Cavalry |
| 14:59 | Create | Villager (Male) |
| 15:04 | Build | House |
| 15:20 | Build | Mining Camp |
| 15:54 | Create | Villager (Male) |
| 15:56 | Build | House |
| 16:01 | Create | Villager (Male) |
| 16:31 | Create | Villager (Male) |
| 16:51 | Create | Villager (Male) |
| 16:53 | Research | Fletching |
| 16:53 | Research | Fletching |
| 16:55 | Build | House |
| 16:56 | Build | House |
| 17:22 | Create | Villager (Male) |
| 17:52 | Build | House |
| 17:58 | Create | Villager (Male) |
| 17:58 | Create | Villager (Male) |
| 18:20 | Build | Watch Tower |
| 18:29 | Create | Scout Cavalry |
| 18:30 | Create | Scout Cavalry |
| 18:35 | Build | Stable |
| 18:50 | Research | Bloodlines |
| 18:53 | Create | Villager (Male) |
| 18:54 | Create | Villager (Male) |
| 19:45 | Create | Villager (Male) |
| 20:31 | Create | Scout Cavalry |
| 20:31 | Create | Scout Cavalry |
| 20:32 | Create | Scout Cavalry |
| 20:32 | Create | Scout Cavalry |
| 20:32 | Create | Scout Cavalry |
| 20:32 | Create | Scout Cavalry |
| 20:32 | Create | Scout Cavalry |
| 20:33 | Create | Scout Cavalry |
| 20:34 | Create | Villager (Male) |
| 20:47 | Build | Watch Tower |
| 20:56 | Create | Villager (Male) |
| 20:56 | Create | Villager (Male) |
| 21:31 | Build | Watch Tower |
| 21:40 | Create | Villager (Male) |
| 21:42 | Create | Villager (Male) |
| 21:48 | Build | House |
| 22:40 | Create | Villager (Male) |
| 22:40 | Create | Villager (Male) |
| 22:42 | Build | Farm |
| 22:42 | Build | Farm |
| 22:43 | Build | Farm |
| 22:44 | Build | Farm |
| 22:45 | Build | Farm |
| 22:47 | Build | Farm |
| 22:47 | Build | Farm |
| 22:48 | Build | Farm |
| 22:51 | Build | Farm |
| 23:14 | Create | Villager (Male) |
| 23:20 | Build | Market |
| 23:54 | Build | Farm |
| 24:01 | Research | Castle Age |
| 24:34 | Build | Stable |
| 26:06 | Build | Stable |
| 26:26 | Create | Villager (Male) |
| 26:27 | Create | Villager (Male) |
| 26:28 | Research | Double-Bit Axe |
| 26:29 | Research | Double-Bit Axe |
| 26:41 | Age | Castle Age |
| 26:44 | Research | Light Cavalry (upgrade) |
| 26:57 | Build | Lumber Camp |
| 27:26 | Create | Villager (Male) |
| 27:26 | Create | Villager (Male) |
| 27:32 | Research | Bow Saw |
| 27:32 | Research | Bow Saw |
| 28:08 | Create | Villager (Male) |
| 28:14 | Research | Chain Barding Armor |
| 28:14 | Research | Chain Barding Armor |
| 28:33 | Build | Castle |
| 28:53 | Build | Castle |
| 28:57 | Create | Villager (Male) |
| 28:57 | Create | Villager (Male) |
| 29:12 | Research | Wheelbarrow |
| 29:34 | Build | Town Center |
| 29:55 | Create | Villager (Male) |
| 30:18 | Build | Town Center |
| 30:27 | Build | Mining Camp |
| 30:31 | Build | Mill |
| 30:39 | Create | Villager (Male) |
| 30:40 | Create | Villager (Male) |
| 31:06 | Create | Villager (Male) |
| 31:12 | Build | Town Center |
| 31:16 | Create | Villager (Male) |
| 31:19 | Research | Horse Collar |
| 31:32 | Build | Farm |
| 31:32 | Build | Farm |
| 31:35 | Build | Farm |
| 31:36 | Build | Farm |
| 31:40 | Build | House |
| 31:40 | Build | House |
Match timeline
| 1:16 | Cafernaun · wall_segment Palisade Wall x1 |
| 1:18 | Cafernaun · wall_segment Palisade Wall x1 |
| 1:20 | Cafernaun · wall_segment Palisade Wall x1 |
| 1:22 | Cafernaun · wall_segment Palisade Wall x1 |
| 1:23 | Cafernaun · wall_segment Palisade Wall x1 |
| 1:24 | Cafernaun · wall_segment Palisade Wall x1 |
| 1:26 | Cafernaun · wall_segment Palisade Wall x1 |
| 1:28 | Cafernaun · wall_segment Palisade Wall x1 |
| 3:15 | Cafernaun · wall_segment Palisade Wall x1 |
| 3:43 | Cafernaun · wall_segment Palisade Wall x1 |
| 3:44 | Cafernaun · wall_segment Palisade Wall x1 |
| 3:45 | Cafernaun · wall_segment Palisade Wall x1 |
| 3:47 | Cafernaun · wall_segment Palisade Wall x1 |
| 3:48 | Cafernaun · wall_segment Palisade Wall x1 |
| 3:50 | Cafernaun · wall_segment Palisade Wall x1 |
| 3:51 | Cafernaun · wall_segment Palisade Wall x1 |
| 4:02 | Cafernaun · wall_segment Palisade Wall x1 |
| 5:56 | Cafernaun · wall_segment Palisade Wall x1 |
| 11:05 | [A2PL] ThaNaThoS · first_building Barracks |
| 11:08 | Zell · first_building Barracks |
| 11:30 | Cafernaun · first_building Barracks |
| 11:51 | [A2PL]JUANDDCAB · first_building Barracks |
| 12:01 | [A2PL] ThaNaThoS · wall_segment Palisade Wall x3 |
| 12:17 | [A2PL] ThaNaThoS · wall_segment Palisade Wall x3 |
| 12:31 | Cafernaun · age_up feudal |
| 12:33 | PeneTratoR_ · first_building Barracks |
| 12:52 | Zell · age_up feudal |
| 12:53 | [A2PL] ThaNaThoS · age_up feudal |
| 12:54 | Zell · first_building Archery Range |
| 13:00 | PeneTratoR_ · age_up feudal |
| 13:03 | [A2PL]JUANDDCAB · age_up feudal |
| 13:03 | [A2PL] ThaNaThoS · first_building Stable |
| 13:16 | Duke Nukem · age_up feudal |
| 13:25 | [A2PL]JUANDDCAB · wall_segment Palisade Wall x1 |
| 13:28 | [A2PL]JUANDDCAB · wall_segment Palisade Wall x1 |
| 13:31 | [A2PL]JUANDDCAB · wall_segment Palisade Wall x1 |
| 14:16 | [A2PL]JUANDDCAB · first_building Stable |
| 14:36 | Duke Nukem · wall_segment Palisade Wall x1 |
| 14:37 | Duke Nukem · wall_segment Palisade Wall x1 |
| 14:38 | Duke Nukem · wall_segment Palisade Wall x1 |
| 14:38 | Duke Nukem · wall_segment Palisade Wall x1 |
| 14:39 | Duke Nukem · wall_segment Palisade Wall x1 |
| 16:01 | Duke Nukem · wall_segment Palisade Wall x1 |
| 16:04 | Duke Nukem · wall_segment Palisade Wall x1 |
| 16:10 | Duke Nukem · wall_segment Palisade Wall x1 |
| 16:11 | Duke Nukem · wall_segment Palisade Wall x1 |
| 16:16 | Duke Nukem · wall_segment Palisade Wall x1 |
| 16:22 | Duke Nukem · wall_segment Palisade Wall x1 |
| 16:54 | Duke Nukem · wall_segment Palisade Wall x1 |
| 16:57 | Duke Nukem · wall_segment Palisade Wall x1 |
| 17:08 | Duke Nukem · age_up castle |
| 17:22 | Zell · wall_segment Palisade Wall x1 |
| 17:23 | Zell · wall_segment Palisade Wall x1 |
| 17:42 | Duke Nukem · first_building Castle |
| 17:53 | Zell · wall_segment Palisade Wall x1 |
| 21:07 | PeneTratoR_ · wall_segment Palisade Wall x8 |
| 21:09 | PeneTratoR_ · wall_segment Palisade Wall x2 |
| 21:13 | PeneTratoR_ · wall_segment Palisade Wall x1 |
| 21:16 | PeneTratoR_ · wall_segment Palisade Wall x1 |
| 21:17 | PeneTratoR_ · wall_segment Palisade Wall x1 |
| 21:33 | Cafernaun · wall_segment Palisade Wall x1 |
| 21:34 | Cafernaun · wall_segment Palisade Wall x1 |
| 21:36 | Cafernaun · wall_segment Palisade Wall x1 |
| 21:37 | Cafernaun · wall_segment Palisade Wall x1 |
| 23:36 | Cafernaun · resign |
| 23:58 | [A2PL] ThaNaThoS · first_market_buy 100 food |
| 24:12 | PeneTratoR_ · first_market_buy 100 wood |
| 24:30 | Zell · first_market_buy 100 wood |
| 24:34 | Zell · first_market_sell 100 stone |
| 26:41 | [A2PL] ThaNaThoS · age_up castle |
| 27:18 | Zell · age_up castle |
| 27:39 | Zell · first_building Siege Workshop |
| 27:44 | PeneTratoR_ · age_up castle |
| 28:04 | PeneTratoR_ · first_market_sell 100 food |
| 28:33 | [A2PL] ThaNaThoS · first_building Castle |
| 28:39 | PeneTratoR_ · wall_segment Palisade Wall x1 |
| 28:41 | PeneTratoR_ · wall_segment Palisade Wall x1 |
| 28:43 | PeneTratoR_ · wall_segment Palisade Wall x1 |
| 28:47 | PeneTratoR_ · wall_segment Palisade Wall x1 |
| 28:49 | PeneTratoR_ · wall_segment Palisade Wall x1 |
| 28:50 | PeneTratoR_ · wall_segment Palisade Wall x1 |
| 28:52 | PeneTratoR_ · wall_segment Palisade Wall x1 |
| 29:02 | PeneTratoR_ · wall_segment Palisade Wall x1 |
| 29:03 | PeneTratoR_ · wall_segment Palisade Wall x1 |
| 29:49 | [A2PL]JUANDDCAB · age_up castle |
| 30:28 | Zell · first_building Monastery |
| 30:46 | Zell · first_building Castle |
| 33:12 | PeneTratoR_ · first_building Castle |
| 34:17 | PeneTratoR_ · wall_segment Palisade Wall x1 |
| 34:27 | PeneTratoR_ · wall_segment Palisade Wall x1 |
| 36:12 | Zell · age_up imperial |
[ AI ANALYSIS · 1 CREDIT ]
What really happened in this match?
Wolo.gg analyzes every decision: build order, eco, micro, common mistakes by bracket. Personalized analysis on WhatsApp or Discord in 30 seconds.
Civ guide
Khitans
Perfil
Jugador #3498099